AoeStats
← makrimonos

Arabia

510867780Analyzed
2v2 RM · 21h ago on Oct 2, 2026· 40m 48s· 4 players
Game mode
Random Map
Map size
Medium (4 player)
Population
200
Speed
Normal
Resources
Standard
Victory
Conquest
Starting age
Dark Age
Ending age
Imperial Age
RankedLock teamsTeams togetherTeam positionsShared explorationLock speedFull tech treeHidden civsTurbo modeCheats
Victory
Defeat
🇬🇷 Ethiopians · Greece
1031
+16
🇬🇷 Franks · Greece
1015
+17
🇹🇷 Byzantines · Türkiye
1054
-17
🇹🇷 Portuguese · Türkiye
1011
-16
Tsimentopoulos
9:53 Loom
12:24 Feudal Age
13:15 Double-Bit Axe
17:20 Castle Age
16:32 Horse Collar
17:27 Fletching
17:38 Padded Archer Armor
18:17 Bow Saw
17:42 Crossbowman
24:13 Thumb Ring
29:02 Bodkin Arrow
32:33 Heated Shot
32:54 Heavy Plow
34:18 Leather Archer Armor
35:15 Ballistics
39:33 Imperial Age
38:16 Wheelbarrow
40:09 Hand Cart
40:38 Bracer
41:08 Ring Archer Armor
40:01 Arbalester
41:45 Chemistry
dripped fly lo
11:11 Feudal Age
10:11 Loom
18:23 Double-Bit Axe
22:30 Castle Age
22:58 Scale Barding Armor
23:04 Forging
24:43 Husbandry
25:12 Chain Barding Armor
27:27 Bow Saw
29:27 Iron Casting
35:48 Gold Mining
35:49 Stone Mining
38:55 Imperial Age
40:19 Plate Barding Armor
40:45 Blast Furnace
40:26 Cavalier
makrimonos
13:19 Feudal Age
15:38 Double-Bit Axe
20:33 Castle Age
18:26 Horse Collar
20:15 Stone Mining
24:31 Husbandry
25:16 Bow Saw
25:22 Scale Barding Armor
25:28 Forging
32:30 Heavy Plow
35:44 Imperial Age
34:32 Wheelbarrow
35:27 Ballistics
GLX_bananekine
7:48 Loom
10:40 Feudal Age
11:36 Double-Bit Axe
17:34 Horse Collar
21:10 Castle Age
20:15 Forging
20:30 Bloodlines
21:49 Scale Barding Armor
22:51 Bow Saw
22:44 Heavy Plow
23:50 Husbandry
34:33 Wheelbarrow
33:43 Town Watch
33:28 Elite Skirmisher
34:58 Iron Casting
37:21 Hand Cart
37:10 Town Patrol
36:51 Pikeman
39:52 Scale Mail Armor
Connection lost

Rejoining the realm…

Still unreachable

The connection could not be restored.

Session expired

The server has moved on; the page needs a fresh start.